 Dungeon Crawl Stone Soup version 0.30-a0-916-g9813417 (webtiles) character file.

Game seed: 17843335218884041785

112 Think the Ducker (level 4, -5/31 HPs)
             Began as an Octopode Fighter on Mar 22, 2023.
             Killed from afar by Sigmund (14 damage)
             ... with a puff of flame
             ... on level 3 of the Dungeon.
             The game lasted 00:05:41 (2389 turns).

Think the Ducker (Octopode Fighter)                 Turns: 2389, Time: 00:05:42

Health: -5/31      AC:  1    Str: 15    XL:     4   Next: 95%
Magic:  4/4        EV: 14    Int: 10    God:
Gold:   145        SH:  4    Dex: 13    Spells: 3/3 levels left

rFire   . . .      SeeInvis .    a - +0 long sword
rCold   . . .      Faith    .    b - +0 buckler
rNeg    + . .      Spirit   .    (helmet restricted)
rPois   .          Reflect  .    (no amulet)
rElec   .          Rampage  .    k - ring of positive energy
rCorr   .                        (no ring)
Will    .....                    (no ring)
Stlth   ++                       (no ring)
HPRegen 0.25/turn                (no ring)
MPRegen 0.09/turn                (no ring)
                                 (no ring)
                                 (no ring)

@: no status effects
A: almost no armour, amphibious, 8 rings, camouflage 1, gelatinous body 1,
(nimble swimmer 1), tentacles
a: no special abilities


You were on level 3 of the Dungeon.
You visited 1 branch of the dungeon, and saw 3 of its levels.

You collected 145 gold pieces.

Inventory:

Hand Weapons
 a - a +0 long sword (weapon)
Armour
 b - a +0 buckler (worn)
Jewellery
 k - a ring of positive energy (left tentacle)
Scrolls
 c - a scroll of fear {unknown}
 e - 2 scrolls of vulnerability
Potions
 d - a potion of magic {unknown}
 f - a potion of attraction
 i - a potion of haste {unknown}
 j - a potion of curing {unknown}
 l - a potion of invisibility {unknown}
 m - a potion of brilliance
 n - a potion of resistance {unknown}
 o - a potion of ambrosia {unknown}


   Skills:
 - Level 3.0 Fighting
 - Level 2.0 Long Blades
 + Level 5.4 Dodging
 - Level 3.0 Shields


You had 3 spell levels left.
You didn't know any spells.
Your spell library contained the following spells:

 Spells                   Type           Power      Damage    Failure   Level
 Freeze                   Ice            0%         1d3       45%         1
 Frozen Ramparts          Ice            0%         1d1       83%         3
 Hailstorm                Conj/Ice       0%         3d3       83%         3
 Ignite Poison            Fire/Tmut/Pois 0%         N/A       83%         3
 Kindle Blastsparks       Fire/Tloc/Air  0%         2d10      83%         3
 Freezing Cloud           Conj/Ice/Air   0%         6-21      100%        5


Dungeon Overview and Level Annotations

Branches:
Dungeon (3/15)

Altars:
Cheibriados
Wu Jian

Shops:
D:1 [=??(

Annotations:
D:3 1 runed translucent door, Crazy Yiuf, Sigmund


Innate Abilities, Weirdness & Mutations

You cannot wear most types of armour.
You are amphibious.
You can wear up to eight rings at the same time.
Your skin changes colour to match your surroundings (Stealth+).
Your rubbery body absorbs attacks. (AC +1, EV +1)
((You are camouflaged when in or above water. (Stealth+)))
You have tentacles for arms and can constrict up to eight enemies at once.


Message History

Sigmund flickers and vanishes!
Deactivating autopickup; reactivate with Ctrl-A.
You hit something. You constrict something. Something hits you!
You closely miss something. You constrict something.
Something barely misses you.
You constrict something.
Sorry, you're not good enough to have a special ability.
Okay, then.
As you read the scroll of teleportation, it crumbles to dust.
You feel strangely unstable.
You constrict something.
You hear some strange, mumbled words.
A magic dart appears from out of thin air!
The magic dart hits you!
You release your grip on something.
You hear some strange, mumbled words.
Something tries to affect you, but you resist.
There is an open door here.
Your surroundings suddenly seem different.
You open the door.
There is an open door here.
You hear some strange, mumbled words.
You are confused.
Something barely misses you.
You hear some strange, mumbled words.
A magic dart appears from out of thin air!
The magic dart hits you.
* * * LOW HITPOINT WARNING * * *
Okay, then.
You are too confused!
You are too confused!
It was a potion of cancellation.
Your magical effects are unravelling.
You feel magically purged.
You feel less confused. You block something's attack.
You block something's attack.
You hear some strange, mumbled words.
A puff of flame appears from out of thin air!
The puff of flame hits you!
You die...

...........
#....#.# #......#
#....#.# #......#
###.#### #.# ##'##
##### ##@..##
....####..{..##
.####...##.......##
........#.........#
.#.....'.........+
#...####.......†.#
#.. ##.......## #.#
##.....## # #.#
##...## ###.


There were no monsters in sight!

Vanquished Creatures
  Terence (D:3)
  4 adders (D:2)
  A worm (D:2)
  A dart slug (D:2)
  2 endoplasms (D:1)
  3 giant cockroaches
  6 goblins
  6 hobgoblins
  2 quokkas
  3 ball pythons
  3 bats
  2 frilled lizards (D:1)
  4 kobolds
  6 rats
44 creatures vanquished.

Notes
Turn   | Place    | Note
-------+----------+-------------------------------------------
     0 | D:1      | Think the Octopode Fighter began the quest for the Orb.
     0 | D:1      | Reached XP level 1. HP: 16/16 MP: 1/1
    69 | D:1      | Found Avovesch's Jewellery Shop.
   116 | D:1      | Reached XP level 2. HP: 7/21 MP: 2/2
   253 | D:1      | Found Hyint's Weapon Shoppe.
   255 | D:1      | Found Eleuboaf's Magic Scroll Boutique.
   553 | D:1      | Found Raph's Antique Armour Emporium.
   601 | D:1      | Found Corhek's Magic Scroll Emporium.
   860 | D:2      | Reached skill level 4 in Dodging
   864 | D:2      | Reached XP level 3. HP: 20/26 MP: 3/3
  1148 | D:2      | Reached XP level 4. HP: 17/31 MP: 4/4
  1377 | D:2      | Reached skill level 5 in Dodging
  1891 | D:3      | Found a runed translucent door.
  1892 | D:3      | Noticed Crazy Yiuf
  2090 | D:3      | Found a snail-covered altar of Cheibriados.
  2092 | D:3      | Found an ornate altar of the Wu Jian Council.
  2162 | D:3      | Noticed Terence
  2170 | D:3      | Killed Terence
  2319 | D:3      | Noticed Sigmund
  2389 | D:3      | Killed from afar by Sigmund

Illustrated notes

Levels and vault maps discovered:
D:1:      psy_arrival_dodecagon, layout_loops_cross, serial_shops, shop, shop,
          shop, shop, nicolae_shop_stone, hex_large, kennysheep_nondescript,
          kennysheep_pointless_box
D:2:      layout_basic, minmay_tetromino_s4
D:3:      layout_loops_corners, mainiacjoe_overflow_boulevard,
          chequers_temple_overflow_statue_of_worship, minivault_11,
          grunt_decor_fettered, uniq_terence, uniq_crazy_yiuf_cottage,
          uniq_sigmund

Skill      XL: |  1  2  3  4 |
---------------+-------------+-----
Dodging        | 4 5 |  5.4
Fighting       | |  3.0
Long Blades    | |  2.0
Shields        | |  3.0

Action                     |  1- 3 |  4- 6 || total
---------------------------+-------+-------++-------
  Melee: Long sword        |    57 |    37 ||    94
         Constrict         |    16 |     7 ||    23
         Tentacles         |    15 |     3 ||    18
    Use: Scroll            |     3 |     3 ||     6
         Potion            |     1 |     4 ||     5
   Stab: Sleeping          |     4 |     2 ||     6
 Armour: Skin              |     4 |     1 ||     5
  Dodge: Dodged            |    46 |    24 ||    70
  Block: Buckler           |     6 |    10 ||    16

Table legend: (Time is in decaauts)
 A = Elapsed time spent in this place.
 B = Non-inter-level travel time spent in this place.
 C = Inter-level travel time spent in this place.
 D = Time resting spent in this place.
 E = Time spent auto-exploring this place.
 F = Levels seen in this place.
 G = Mean time per level.
                   A        B        C        D        E       F      G
               +--------+--------+--------+--------+--------+-----+--------+
         Total |   2433 |   2372 |     61 |    322 |   1639 |   3 |  811.0 |
       Dungeon |   2433 |   2372 |     61 |    322 |   1639 |   3 |  811.0 |
               +--------+--------+--------+--------+--------+-----+--------+

Top non-repeatable levels by time:
     D:2: 1153 daAuts
     D:1: 706 daAuts
     D:3: 573 daAuts
